Unix NetHack Version 5.0.0-0 post-release - last build Jun 10 2026 00:39:30 (3ee93aec679c4c4259841fe613dc97188e26a321,branch:main).

Game began 2026-06-15 08:06:16, ended 2026-06-15 08:13:02.

GdeVolpiano, lawful female human Archeologist

              .--
             ..<.
            ......
            ......
           ...%@*.
          .....G.
          .......
          -.....
           ....

GdeVolpiano the Field Worker  St:14 Dx:9 Co:14 In:14 Wi:13 Ch:11  Lawful
Dlvl:4  $:44 HP:0(22) Pw:9(9) AC:9  Xp:3 T:1237 

Latest messages:
 You hear a nearby zap.
 The bolt of fire whizzes by you!
 The bolt of fire whizzes by you!
 Indy misses it.
 Indy misses it.
 You can't go down here.
 You climb up the stairs.
 You stop searching.
 You kill the giant rat!
 You descend the stairs.
 You hear some noises.
 It bites the dwarf.
 The dwarf thrusts her broad short sword at it.
 The dwarf hits it.
 You have a sad feeling for a moment, then it passes.
 You kill the gnome!
 You stop.  The dwarf is in the way!
 You swap places with the peaceful dwarf.
 q - a platinum wand.
 #
 What do you want to call? [npq or ?*]
 There is a gnome corpse here; eat it? [ynq] (n)
 This gnome corpse is tough.
 You stop eating the gnome corpse.
 The crossbow bolt misses the gnome.
 You are hit by a crossbow bolt.
 The crossbow bolt hits the gnome.
 The gnome is killed!
 r - a black gem.
 s - a violet gem.
 What do you want to use or apply? [ae-ikq or ?*]
 What do you want to rub on the stone? [$rs or ?*]
 r - an obsidian stone.
 What do you want to use or apply? [ae-ikq or ?*]
 What do you want to rub on the stone? [$s or ?*]
 s - a worthless piece of violet glass.
 You are hit by a dart.
 What do you want to drop? [$a-iknp-s or ?*]
 You drop a worthless piece of violet glass.
 The gnome hits!
 You kill the gnome!
 The gnome lord hits!
 You hit the gnome lord.
 The gnome lord hits!
 You are hit by a crossbow bolt.
 You are hit by a crossbow bolt.
 You hit the gnome lord.
 The gnome lord hits!
 You die...
 Do you want your possessions identified? [ynq] (y)

Inventory:
 Coins    ('$')
  $ - 44 gold pieces
 Weapons  (')')
  a - a +2 bullwhip (alternate weapon; not wielded)
 Armor    ('[')
  c - an uncursed +0 fedora (being worn)
  b - an uncursed +0 leather jacket (being worn)
 Comestibles  ('%')
  d - 4 uncursed food rations
 Potions  ('!')
  n - an uncursed potion of object detection
  p - an uncursed potion of speed
 Wands    ('/')
  q - a wand of fire (0:7)
 Tools    ('(')
  h - an empty uncursed sack
  e - a +0 pick-axe (weapon in right hand)
  k - a cursed stethoscope
  i - an uncursed tin opener
  f - a tinning kit (0:50)
 Gems/Stones  ('*')
  r - an uncursed obsidian stone
  g - an uncursed touchstone

GdeVolpiano the Archeologist's attributes:

Background:
 You were a Field Worker, a level 3 female human Archeologist.
 You were lawful, nominally on a mission for Quetzalcoatl
 who was opposed by Camaxtli (neutral) and Huhetotl (chaotic).
 You were right-handed.
 You were in the Gnomish Mines, on level 4.
 You entered the dungeon 1237 turns ago.
 There was a new moon in effect when your adventure ended.
 You had 74 experience points, 6 more were needed to attain level 4.

Basics:
 You had 0 out of 22 hit points.
 You had all 9 energy points (spell power).
 Your armor class was 9.
 Your wallet contained 44 zorkmids.
 Autopickup was on for '$?!/="+' plus thrown, with exceptions.

Final Characteristics:
 Your strength was 14 (limit:18/100).
 Your dexterity was 9 (limit:18).
 Your constitution was 14 (limit:18).
 Your intelligence was 14 (limit:18).
 Your wisdom was 13 (limit:18).
 Your charisma was 11 (limit:18).

Final Status:
 You weren't hungry.
 You were unencumbered.
 You were wielding a pick-axe.
 You had basic skill with pick-axe.

Final Attributes:
 You were devoutly aligned.
 You had automatic searching.
 You were lucky.
 You are dead.

Miscellaneous:
 You didn't encounter any bones levels.
 Total elapsed playing time was 6 minutes and 44 seconds.

Major events:
 Turn
    1: GdeVolpiano the lawful female human Archeologist entered the dungeon
  538: attained the rank of Field Worker (level 3)
  926: entered the Gnomish Mines
 1237: killed by a gnome lord

You didn't know any spells.

Skills:
 Fighting Skills
   bare handed combat [Unskilled]
   two weapon combat  [Unskilled]
   riding             [Unskilled]
 Weapon Skills
   dagger             [Unskilled]
   knife              [Unskilled]
   pick-axe           [Basic]
   short sword        [Unskilled]
   saber              [Unskilled]
   club               [Unskilled]
   quarterstaff       [Unskilled]
   sling              [Unskilled]
   dart               [Unskilled]
   boomerang          [Unskilled]
   whip               [Basic]
   unicorn horn       [Unskilled]
 Spellcasting Skills
   attack spells      [Unskilled]
   healing spells     [Unskilled]
   divination spells  [Unskilled]
   matter spells      [Unskilled]

Voluntary challenges:
 Character rerolling was not enabled.
 You were an atheist.
 You never genocided any monsters.
 You never polymorphed an object.
 You never changed form.
 You used no wishes.
Achievements:
 You attained the rank of Field Worker.
 You entered the Gnomish Mines.
 You entered a shop.

 The Dungeons of Doom: levels 1 to 4
    Level 1:
    Level 2:
       Some fountains.
    Level 3:
       A potion shop, some fountains.
       Stairs down to The Gnomish Mines.
    Level 4:
 The Gnomish Mines:
    Level 4: <- You were here.
       Final resting place for
          you, killed by a gnome lord.


Vanquished creatures:
  a little dog
 an iguana
  a large kobold
  a giant rat
  3 gnomes
  a fox
  2 kobolds
  5 goblins
  2 grid bugs
  2 lichens
  3 newts
22 creatures vanquished.

No species were genocided or became extinct.

Game over:
                       ----------
                      /          \
                     /    REST    \
                    /      IN      \
                   /     PEACE      \
                  /                  \
                  |   GdeVolpiano    |
                  |      44 Au       |
                  |   killed by a    |
                  |    gnome lord    |
                  |                  |
                  |                  |
                  |       2026       |
                 *|     *  *  *      | *
        _________)/\\_//(\/(/\)/\//\/|_)_______

Goodbye GdeVolpiano the Archeologist...

You died in The Gnomish Mines on dungeon level 4 with 486 points,
and 44 pieces of gold, after 1237 moves.
You were level 3 with a maximum of 22 hit points when you died.

